 Dungeon Crawl Stone Soup version 0.31.0-9-g3a7656b989 (webtiles) character file.

Game seed: 14557382433457323805

299 qw the Shooter (level 5, -1/41 HPs)
             Began as a Demigod Hunter on Feb 2, 2024.
             Slain by a black bear (7 damage)
             ... on level 4 of the Dungeon.
             The game lasted 00:00:11 (2567 turns).

qw the Shooter (Demigod Hunter)                     Turns: 2567, Time: 00:00:11

Health: -1/41      AC:  6    Str: 12    XL:     5   Next: 89%
Magic:  7/7        EV: 11    Int: 11    God:
Gold:   134        SH:  0    Dex: 28    Spells: 4/4 levels left

rFire   + . .        a - +0 shortbow (heavy)
rCold   . . .        (shield currently unavailable)
rNeg    . . .        i - +0 ring mail of the Unseen Realm {^Contam rF+ Dex+7}
rPois   +            (no helmet)
rElec   .            (no cloak)
rCorr   .            h - +0 pair of gloves of Failure {rPois}
SInv    +            (no boots)
Will    .....        (no amulet)
Stlth   ++           b - ring of see invisible
HPRegen 0.26/turn    (no ring)
MPRegen 0.10/turn

%: no passive effects
@: about to teleport
A: high MP 1, forlorn, divine attributes
a: no special abilities


You were on level 4 of the Dungeon.
You visited 1 branch of the dungeon, and saw 4 of its levels.

You collected 165 gold pieces.
You spent 31 gold pieces at shops.


Innate Abilities, Weirdness & Mutations

You have an increased reservoir of magic. (+10% MP)
You shall have no god before yourself.
Your divine heritage dramatically boosts your attributes as you level up.


   Skills:
 + Level 2.1 Fighting
 - Level 6.0 Ranged Weapons
 - Level 2.4 Armour
 - Level 2.0 Dodging
 - Level 0.8 Stealth


You had 4 spell levels left.
You didn't know any spells.
Your spell library was empty.

Inventory:

Hand Weapons
 a - a +0 heavy shortbow (weapon)
Armour
 h - the +0 pair of gloves of Failure (worn) {rPois}
   (You found it on level 3 of the Dungeon)

   rPois:     It protects you from poison
 i - the +0 ring mail of the Unseen Realm (worn) {^Contam rF+ Dex+7}
   (You found it on level 2 of the Dungeon)

   Dex+7:     It affects your dexterity (+7).
   rF+:       It protects you from fire.
   ^Contam:   It causes magical contamination when unequipped.
Jewellery
 b - a ring of see invisible (left hand)
Wands
 c - a wand of charming (3)
Scrolls
 e - a scroll of identify
Potions
 f - a potion of curing
 g - a potion of cancellation
 j - a potion of resistance

Dungeon Overview and Level Annotations

Branches:
Dungeon (4/15)
 Temple: D:4-7

Shops:
D:1 *   D:2 =


Message History

You kill the jackal!
The goblin barely misses you.
You shoot an arrow. The arrow closely misses the goblin.
The goblin hits you but does no damage. The goblin barely misses you.
You shoot an arrow. The arrow hits the goblin!!
You kill the goblin!
An endoplasm and an adder come into view.
You shoot an arrow. The arrow hits the adder!!
You kill the adder!
You shoot an arrow. The arrow hits the endoplasm!
You kill the endoplasm!
Found a stone staircase leading up.
Enter note: A black bear comes into view.
The black bear growls angrily.
Enter note: You shoot an arrow.
The arrow hits the black bear.
The black bear is lightly wounded.
The black bear bites you. The black bear misses you. The black bear claws you.
You shoot an arrow. The arrow hits the black bear!
The black bear is severely wounded.
The black bear bites you.
The black bear claws you but does no damage.
The black bear claws you. The black bear bites you. The black bear claws you.
The black bear closely misses you.
You shoot an arrow. The arrow hits the black bear.
The black bear is almost dead.
The black bear goes berserk!
The black bear barely misses you. The black bear closely misses you.
The black bear claws you but does no damage.
You shoot an arrow. The arrow hits the black bear.
The black bear is almost dead.
The black bear bites you. The black bear claws you.
The black bear closely misses you. The black bear bites you!
The black bear claws you. x2
2567 ||| READING scroll of teleportation.
As you read the scroll of teleportation, it crumbles to dust.
You feel strangely unstable. The black bear bites you!
You die...

##.....###
###........ ....
.... ........... ...
....
................ ...
.............#..##..
.............##....
...#..............
...#............h#
##..............@#
#..#.............#
##.##............###
##......#....###...#
........#..#......##
......####.........#
......# #.........##
...#### #......#.##
#..# ####.###.#


You could see a black bear (berserk).

Vanquished Creatures
  An ogre (D:3)
  A bombardier beetle (D:3)
  A hound (D:4)
  6 adders
  3 gnolls (D:2)
  3 ribbon worms (D:2)
  An orc (D:3)
  7 endoplasms
  5 goblins
  5 hobgoblins
  4 jackals
  2 quokkas
  8 ball pythons
  5 bats
  4 frilled lizards
  6 kobolds
  6 rats
68 creatures vanquished.

Notes
Turn   | Place    | Note
-------+----------+-------------------------------------------
     0 | D:1      | qw the Demigod Hunter began the quest for the Orb.
     0 | D:1      | Reached XP level 1. HP: 17/17 MP: 3/3
     0 | D:1      | 0 ||| qw: Version: 0.3-a-155-g5e7d8dd
     0 | D:1      | 0 ||| qw: Game counter: 320
     0 | D:1      | 0 ||| qw: Melee chars always use a shield: true
     0 | D:1      | 0 ||| qw: God list: Okawaru
     0 | D:1      | 0 ||| qw: Allow faded altars: false
     0 | D:1      | 0 ||| qw: Do Orc after clearing Dungeon:15 true
     0 | D:1      | 0 ||| qw: Do second Lair branch before Depths: true
     0 | D:1      | 0 ||| qw: Lair rune preference: random
     0 | D:1      | 0 ||| qw: Goals: Normal
     0 | D:1      | 0 ||| PLANNING D:1-11
    67 | D:1      | Reached skill level 4 in Ranged Weapons
   181 | D:1      | Reached XP level 2. HP: 24/24 MP: 4/4
   789 | D:1      | Found Laymaacy's Assorted Antiques.
   797 | D:1      | 797 ||| SHOPLISTING pair of boots (139 gold, have 41).
   797 | D:1      | 797 ||| SHOPLISTING ring mail (124 gold, have 41).
   797 | D:1      | 797 ||| BUYING scroll labelled BYUTSAAFIB (31 gold).
   797 | D:1      | Bought a scroll labelled BYUTSAAFIB for 31 gold pieces
   797 | D:1      | 797 ||| SHOPLISTING scroll labelled ILIPHU GOAR (31 gold,
                  | have 10).
   797 | D:1      | 797 ||| SHOPLISTING scroll labelled OMOIFA BUTUEXY (31
                  | gold, have 10).
   797 | D:1      | 797 ||| SHOPLISTING scroll labelled RIUDDA OBBOALIL (31
                  | gold, have 10).
   797 | D:1      | 797 ||| SHOPLISTING scroll labelled XAUDDA ACAIR (31 gold,
                  | have 10).
   835 | D:1      | 835 ||| DROPPING ring of flight.
   836 | D:1      | 836 ||| READING scroll labelled RIUDDA OBBOALIL.
   836 | D:1      | 836 ||| IDENTIFYING fizzy black potion
   837 | D:1      | 837 ||| READING scroll labelled LUTAUPPEUDA.
   841 | D:1      | 841 ||| READING scroll labelled JEBEJ BUORGHUU.
   942 | D:1      | 942 ||| READING scroll labelled DEORUE LAVVE.
   942 | D:1      | 942 ||| BRANDING +0 shortbow.
   943 | D:1      | 943 ||| READING scroll labelled MUITWO KUUPESO.
   944 | D:1      | 944 ||| READING scroll labelled BYUTSAAFIB.
   945 | D:1      | 945 ||| DROPPING scroll of butterflies.
   946 | D:1      | 946 ||| DROPPING potion of ambrosia.
   985 | D:2      | 985 ||| STAIRDANCE
  1009 | D:2      | 1009 ||| STAIRDANCE
  1094 | D:2      | Found Weisel's One-of-a-Kind Rings.
  1098 | D:2      | 1098 ||| SHOPLISTING +2 ring of dexterity (36 gold, have
                  | 10).
  1098 | D:2      | 1098 ||| SHOPLISTING +3 ring of evasion (120 gold, have
                  | 10).
  1098 | D:2      | 1098 ||| SHOPLISTING +3 ring of protection (252 gold, have
                  | 10).
  1098 | D:2      | 1098 ||| SHOPLISTING +7 ring of protection (1242 gold, have
                  | 10).
  1098 | D:2      | 1098 ||| SHOPLISTING ring of Qujeipn {rPois rN+} (374 gold,
                  | have 10).
  1141 | D:2      | Reached XP level 3. HP: 26/29 MP: 5/5
  1343 | D:2      | Reached skill level 5 in Ranged Weapons
  1347 | D:2      | Reached XP level 4. HP: 36/36 MP: 6/6
  1451 | D:2      | Identified the +0 ring mail of the Unseen Realm {^Contam
                  | rF+ Dex+7}
  1501 | D:2      | 1501 ||| UPGRADING to +0 ring mail.
  1511 | D:2      | 1511 ||| DROPPING +0 leather armour.
  1512 | D:2      | 1512 ||| UPGRADING to +0 ring mail of the Unseen Realm
                  | {^Contam rF+ Dex+7}.
  1522 | D:2      | 1522 ||| DROPPING +0 ring mail.
  1523 | D:2      | 1523 ||| UPGRADING to ring of see invisible.
  1524 | D:2      | 1524 ||| READING scroll of identify.
  1524 | D:2      | 1524 ||| IDENTIFYING fizzy dark potion
  1525 | D:2      | 1525 ||| READING scroll labelled WOTHREPP KURI.
  1527 | D:2      | 1527 ||| Stepping ~*~*~tactically~*~*~ (cloud).
  1636 | D:3      | Noticed an ogre
  1638 | D:3      | Killed an ogre
  1639 | D:3      | Reached XP level 5. HP: 41/41 MP: 7/7
  2112 | D:3      | Identified the +0 pair of gloves of Failure {rPois}
  2476 | D:3      | 2476 ||| UPGRADING to +0 pair of gloves of Failure {rPois}.
  2481 | D:3      | 2481 ||| READING 3 scrolls of identify.
  2481 | D:3      | 2481 ||| IDENTIFYING murky brown potion
  2482 | D:3      | 2482 ||| READING 2 scrolls of identify.
  2482 | D:3      | 2482 ||| IDENTIFYING murky clear potion
  2504 | D:4      | Reached skill level 6 in Ranged Weapons
  2562 | D:4      | Noticed a black bear
  2566 | D:4      | HP: 10/41 [black bear (4)]
  2567 | D:4      | 2567 ||| READING scroll of teleportation.
  2567 | D:4      | Slain by a black bear

Levels and vault maps discovered:
D:1:      minmay_arrival_stone_box, layout_loops_ring, serial_shops,
          nicolae_shop_peninsula, serial_bayou, serial_bayou_lagoon_a,
          serial_bayou_shore_a, serial_bayou_pond_d, serial_bayou_pond_c,
          serial_bayou_lake_a
D:2:      layout_rooms, nicolae_shop_unique_rings
D:3:      layout_basic, ebering_dispersal_statue_hall, minmay_misc_feat_room
D:4:      layout_cave_pools, nicolae_shop_gadgets

Skill      XL: |  1  2  3  4  5 |
---------------+----------------+-----
Ranged Weapons | 4 5 6 |  6.0
Fighting       | 2 |  2.1
Dodging        | 2 |  2.0
Armour         | 2 |  2.4
Stealth        | |  0.8

Action                     |  1- 3 |  4- 6 || total
---------------------------+-------+-------++-------
   Fire: Shortbow          |    76 |    57 ||   133
    Use: Scroll            |     6 |     5 ||    11
 Armour: Leather armour    |     7 |       ||     7
         Ring mail         |       |    22 ||    22
  Dodge: Dodged            |    11 |    12 ||    23

Table legend:
 A = Non-vault XP
 B = Vault XP
 C = Vault XP percentage of total XP
 D = Non-vault monster count
 E = Vault monster count
 F = Vault count percentage of total count
                 A         B        C        D         E       F
            +---------+---------+-------+---------+---------+-------
      Total |     428 |       0 |   0.0 |      68 |       0 |   0.0
            +---------+---------+-------+---------+---------+-------
        D:1 |      29 |       0 |   0.0 |      18 |       0 |   0.0
        D:2 |     115 |       0 |   0.0 |      22 |       0 |   0.0
        D:3 |     219 |       0 |   0.0 |      21 |       0 |   0.0
        D:4 |      65 |       0 |   0.0 |       7 |       0 |   0.0
            +---------+---------+-------+---------+---------+-------
